cohdb
Replays
Latest Replays
All Replays
Popular Replays
Top Player Replays
Match Explorer
How It Works
Community
CoH3 Stats
Reddit
Sign in to upload your games and track your stats! →
Sign in with Steam
Match 39876910
Unlisted
Match 39876910
Overview
Messages
Build Orders
End
Construct Barracks
Riflemen Squad
Riflemen Squad
M1 Mortar Team
Riflemen Squad
Infantry Support Center
Construct Motor Pool
M8 Greyhound Armored Car
Scout Squad
M1 Anti-tank Gun Team
Construct Tank Depot
Selects Heavy Weapons
Selects M2HB .50cal Heavy Machine Gun
Selects Gallant Stand
M4A1 Sherman Medium Tank
Construct Medical Station
Selects Black Dragon Artillery Barrage
Black Dragon Artillery Barrage
Selects Assault Carriers
Selects Halftrack Strongpoints
Selects Towed M5 3-inch Anti-tank Gun
Gallant Stand
Towed M5 3-inch Anti-tank Gun
Grenade Package
Halftrack Strongpoints
Halftrack Strongpoints
Gallant Stand
billthebluebot
Luther
Nicb1
Jenasaie
梓川枫
Agent-S
0
0
Comments
sign in to comment!
No comments posted yet!